cohdb
Replays
Latest Replays
All Replays
Popular Replays
Top Player Replays
Match Explorer
How It Works
Community
CoH3 Stats
Reddit
Sign in to upload your games and track your stats! →
Sign in with Steam
Match 41801164
Unlisted
Match 41801164
Overview
Messages
Build Orders
End
Royal Engineer Section
Construct Section Command Post
Dingo Light Scout Car
Selects Canadian Shock Battlegroup
Infantry Section
Infantry Section
Infantry Section
Construct Field Infirmary
Infantry Section
Construct Platoon Command Post
6-pounder Anti-tank Gun Team
Grenade Package
Unlock M3 Stuart Light Tanks
Selects Incendiary Munitions
Selects Pyrotechnics
Infantry Section
Infantry Training
Agua de Jamaica
GIRTHWORM
0
0
Comments
sign in to comment!
No comments posted yet!